AoeStats
← BadLadyBoy

Arena

510050457Analyzed
1v1 RM · 3d ago on Sep 29, 2026· 26m 17s· 2 players
Game mode
Random Map
Map size
Tiny (2 player)
Population
200
Speed
Normal
Resources
Standard
Victory
Conquest
Starting age
Dark Age
Ending age
Imperial Age
RankedLock teamsTeams togetherTeam positionsShared explorationLock speedFull tech treeHidden civsTurbo modeCheats
Victory
Defeat
🇹🇼 Turks · Taiwan
678
+15
🇺🇸 Aztecs · United States
656
-33
BadLadyBoy
14:48 Feudal Age
18:12 Wheelbarrow
20:00 Man-at-Arms
21:47 Scale Mail Armor
22:02 Forging
samps4418
10:32 Feudal Age
11:01 Double-Bit Axe
10:58 Horse Collar
13:48 Stone Mining
19:59 Castle Age
18:43 Gold Mining
18:44 Loom
18:58 Fletching
19:26 Scale Barding Armor
20:39 Forging
21:07 Bow Saw
21:01 Heavy Plow
24:21 Gold Shaft Mining
Connection lost

Rejoining the realm…

Still unreachable

The connection could not be restored.

Session expired

The server has moved on; the page needs a fresh start.